 Dungeon Crawl Stone Soup version 0.17.1-2-g5865329 (webtiles) character file.

607 Crossell the Covered (level 7, -2/96 HPs)
             Began as a Deep Dwarf Berserker on Sept 28, 2016.
             Was a Priest of Trog.
             Succumbed to a water moccasin's poison
             ... on level 5 of the Dungeon.
             The game lasted 00:38:56 (5033 turns).

Crossell the Covered (Deep Dwarf Berserker)         Turns: 5033, Time: 00:38:56

Health: -2/96      AC: 23    Str: 23    XL:     7   Next: 19%
Magic:  7/7        EV:  2    Int:  7    God:    Trog [***...]
Gold:   187        SH:  0    Dex: 12    Spells: 0 memorised, 6 levels left

rFire  + . .     SeeInvis .     B - +0 rapier
rCold  + . .     Clarity  .     (armour currently unavailable)
rNeg   + + +     SustAt   .     (no shield)
rPois  +         Gourm    .     (helmet currently unavailable)
rElec  +         Spirit   .     (cloak currently unavailable)
rCorr  +         Warding  .     (gloves currently unavailable)
rMut   .         NoTele   +     (boots currently unavailable)
MR     +....                    t - amulet of regeneration
Stlth  ++........               (no ring)
                                o - ring of poison resistance

@: lethally poisoned (-2 -> -11), tree-form (expiring), resistant,
non-regenerating, somewhat resistant to hostile enchantments, unstealthy
A: damage resistance, recharge devices, sense surroundings 1, slow regeneration
3
a: Device Recharging, Berserk, Trog's Hand, Burn Spellbooks, Renounce Religion


You were on level 5 of the Dungeon.
You worshipped Trog.
Trog was most pleased with you.
You were not hungry.
You were a tree.
You visited 1 branch of the dungeon, and saw 5 of its levels.

You collected 187 gold pieces.

Inventory:

Hand Weapons
 a - a +0 hand axe
 e - a +0 whip
 k - a +0 club
 s - a +0 hand axe
 v - a +0 mace
 w - a +0 spear
 x - a +1 hand axe
 A - a +1 arbalest of freezing
 B - a +0 rapier (weapon)
 G - a +3 shortbow of flaming
Missiles
 j - 48 stones (quivered)
 m - 20 poisoned arrows
 p - 51 arrows
Armour
 b - a +0 animal skin
 u - a +0 leather armour
 y - a +3 ring mail (melded)
 C - a +0 ring mail
 D - a +0 pair of boots (melded)
 F - a +0 cloak (melded)
 J - a +0 pair of gloves (melded)
Jewellery
 o - a ring of poison resistance (left branch)
 r - an uncursed amulet of stasis
 t - an amulet of regeneration (around neck)
Wands
 c - a wand of heal wounds (0)
 z - a wand of slowing (12)
 H - a wand of magic darts (7)
Scrolls
 i - 5 scrolls of amnesia
 E - a scroll of identify
Potions
 f - 2 potions of brilliance
 h - a potion of might
 l - a potion of magic
 n - 2 potions of agility
Comestibles
 d - a bread ration


   Skills:
 + Level 4.2 Fighting
 + Level 2.5 Short Blades
 + Level 4.1 Axes
 * Level 1.2 Bows
 + Level 4.7 Armour
 - Level 4.0 Dodging
 - Level 1.6 Stealth
 - Level 0.3 Evocations


You had 6 spell levels left.
You didn't know any spells.

Dungeon Overview and Level Annotations

Branches:
Dungeon (5/15)
 Temple: D:4-7

Altars:
Cheibriados
Kikubaaqudgha
Okawaru

Shops:
D:5 *


Innate Abilities, Weirdness & Mutations

You are resistant to damage.
You can recharge devices by infusing magical energy.
You passively map a small area around you.
You do not regenerate naturally.


Message History

The water moccasin is almost dead.
The water moccasin bites you but does no damage.
The water moccasin bites you.
* * * LOW HITPOINT WARNING * * *
You are more poisoned.
The water moccasin poisons you!
You closely miss the water moccasin.
The water moccasin is almost dead.
The water moccasin bites you but does no damage. x2
You hit the water moccasin.
The water moccasin is almost dead.
The water moccasin bites you.
You are lethally poisoned!
The water moccasin poisons you!
You hit the water moccasin.
You kill the water moccasin!
Trog accepts your kill.
Your Bows skill increases to level 1!
You have reached level 7!
You die...

### #.####### #.......# ,
#.#####.# ##+##%# ..# #.#
#...#.# ### #.#######.∩.#.#
#.......#...#.#
###########†##.# #.......#
#♣...####
#####.......###.##....#######
##...........'<...............
,
.............###.##(...#######
.................#####.####
......######.#####*#......#
......######.# ......#.##.#
..>.......##.. ......#.##.#
......###..###...... #.##.#
#####


There were no monsters in sight!

Vanquished Creatures
  2 water moccasins (D:5)
  A centaur (D:4)
  An iguana (D:4)
  A hound (D:4)
  An orc wizard (D:4)
  An orc priest (D:4)
  A worker ant (D:4)
  A worker ant zombie (D:3)
  4 adders
  An adder skeleton (D:4)
  6 worms
  5 giant geckos
  10 orcs
  5 bats
  5 giant cockroaches
  4 goblins
  5 hobgoblins
  5 jackals
  2 quokkas
  A ball python (D:1)
  2 giant newts (D:1)
  6 kobolds
  19 rats
89 creatures vanquished.

Vanquished Creatures (collateral kills)
  A phantom (D:5)
1 creature vanquished.

Grand Total: 90 creatures vanquished

Notes
Turn   | Place    | Note
--------------------------------------------------------------
     0 | D:1      | Crossell the Deep Dwarf Berserker began the quest for the Orb.
     0 | D:1      | Reached XP level 1. HP: 20/20 MP: 1/1
   143 | D:1      | Reached XP level 2. HP: 27/27 MP: 2/2
   248 | D:1      | Reached ** piety under Trog
   584 | D:1      | Reached XP level 3. HP: 14/33 MP: 3/3
  1033 | D:2      | Found an iron altar of Okawaru.
  1274 | D:2      | Reached skill level 1 in Stealth
  1900 | D:3      | Reached XP level 4. HP: 42/42 MP: 4/4
  1929 | D:3      | Reached skill level 4 in Axes
  2124 | D:3      | Reached *** piety under Trog
  3301 | D:4      | Found a snail-covered altar of Cheibriados.
  3440 | D:4      | Reached XP level 5. HP: 19/49 MP: 5/5
  3659 | D:4      | Found an ancient bone altar of Kikubaaqudgha.
  4424 | D:4      | Reached skill level 1 in Short Blades
  4457 | D:4      | Noticed a centaur
  4460 | D:4      | Killed a centaur
  4460 | D:4      | Reached XP level 6. HP: 30/57 MP: 6/6
  4591 | D:5      | Entered Level 5 of the Dungeon
  4990 | D:5      | Found Noent's Serpentskin Sales.
  4990 | D:5      | Noticed a water moccasin
  4990 | D:5      | Noticed a water moccasin
  5016 | D:5      | Killed a water moccasin
  5024 | D:5      | HP: 4/85 [water moccasin (1)]
  5030 | D:5      | HP: 1/85 [water moccasin (3)]
  5033 | D:5      | Killed a water moccasin
  5033 | D:5      | Reached skill level 1 in Bows
  5033 | D:5      | Reached XP level 7. HP: 1/64 MP: 7/7
  5033 | D:5      | Succumbed to a water moccasin's poison

Action                   |  1- 3 |  4- 6 |  7- 9 || total
-------------------------+-------+-------+-------++-------
Melee: Hand axe          |   139 |    52 |       ||   191
       Rapier            |       |   184 |       ||   184
 Fire: Shortbow          |       |     3 |       ||     3
Throw: Stone             |       |     9 |       ||     9
Evoke: Wand              |     3 |     3 |       ||     6
  Use: Potion            |     8 |    10 |       ||    18
       Scroll            |     4 |     8 |       ||    12
 Stab: Sleeping          |     1 |       |       ||     1
  Eat: Bread ration      |     1 |     1 |       ||     2
       Beef jerky        |     1 |       |       ||     1
       Meat ration       |       |     1 |       ||     1
